TOP OF THE 1ST |
Philadephia 1776 BC batting - Pitching for Athletic Club KC Athletics : LHP John Holley
|
Pitching: LHP John Holley
|
|
Batting: LHB Manuel García
|
0-0: Swinging Strike 0-1: Ball 1-1: Called Strike 1-2: Ball 2-2: Foul Ball, location: 2F 2-2: Foul Ball, location: 2F 2-2: Foul Ball, location: 2F 2-2: Foul Ball, location: 2F 2-2: Strikes out swinging
|
Batting: RHB Iván Pérez
|
0-0: Called Strike 0-1: Foul Ball, location: 2F 0-2: Ground out 6-3 (Groundball, 6M)
|
Batting: LHB Chris Nelson
|
0-0: Ball 1-0: Swinging Strike 1-1: Swinging Strike 1-2: Ball 2-2: SOLO HOME RUN (Flyball, 9D), Distance : 400 ft
|
Batting: LHB Matt Mitchell
|
0-0: Ball 1-0: Swinging Strike 1-1: Ball 2-1: Foul Ball, location: 2F 2-2: Ground out 4-3 (Groundball, 4)
|
Top of the 1st over - 1 run(s), 1 hit(s), 0 error(s), 0 left on base; Philadephia 1776 1 - Athletic Club KC 0 |
BOTTOM OF THE 1ST |
Athletic Club KC Athletics batting - Pitching for Philadephia 1776 BC : LHP Walt Johnston
|
Pitching: LHP Walt Johnston
|
|
Batting: SHB David Henderson
|
0-0: Called Strike 0-1: Ball 1-1: Ball 2-1: Foul Ball, location: 2F 2-2: SINGLE (Line Drive, 78S)
|
Batting: RHB Harry Fuller
|
0-0: Ball 1-0: Called Strike 1-1: Ball 2-1: SINGLE (Flyball, 7LS) David Henderson to second
|
Batting: LHB Emílio Sáenz
|
0-0: Ball 1-0: Called Strike 1-1: Ball 2-1: 3-RUN HOME RUN (Flyball, 78XD), Distance : 426 ft
|
Batting: RHB Vicente Díaz
|
0-0: DOUBLE (Line Drive, 89M)
|
Batting: RHB Ramón Souza
|
0-0: Called Strike 0-1: Ball 1-1: Foul Ball, location: 2F 1-2: Ball 2-2: Ball 3-2: Ground out 1-3 (Groundball, 13S) Vicente Díaz to third
|
Batting: RHB Guillermo Montoya
|
0-0: Ball 1-0: Called Strike 1-1: Foul Ball, location: 2F 1-2: SINGLE (Groundball, 4MD) Vicente Díaz scores
|
Batting: LHB Lawrence Washington
|
0-0: Called Strike 0-1: Ball 1-1: Ball 2-1: Ball 3-1: Foul Ball, location: 2F 3-2: Grounds into double play, 4-6-3 (Groundball, 4)
|
Bottom of the 1st over - 4 run(s), 5 hit(s), 0 error(s), 0 left on base; Philadephia 1776 1 - Athletic Club KC 4 |
TOP OF THE 2ND |
Philadephia 1776 BC batting - Pitching for Athletic Club KC Athletics : LHP John Holley
|
Batting: RHB Yuji Ine
|
0-0: Ball 1-0: Ball 2-0: Called Strike 2-1: Called Strike 2-2: Strikes out swinging
|
Batting: RHB Lúcio Montoya
|
0-0: Ball 1-0: Called Strike 1-1: Ball 2-1: Foul Ball, location: 2F 2-2: Foul Ball, location: 2F 2-2: Ball 3-2: Ground out 5-3 (Groundball, 5)
|
Batting: RHB Brian O'Brian
|
0-0: Swinging Strike 0-1: Ball 1-1: Swinging Strike 1-2: Foul Ball, location: 2F 1-2: Foul Ball, location: 2F 1-2: Strikes out looking
|
Top of the 2nd over - 0 run(s), 0 hit(s), 0 error(s), 0 left on base; Philadephia 1776 1 - Athletic Club KC 4 |
BOTTOM OF THE 2ND |
Athletic Club KC Athletics batting - Pitching for Philadephia 1776 BC : LHP Walt Johnston
|
Batting: LHB Chris Rice
|
0-0: Called Strike 0-1: SINGLE (Groundball, 56D)
|
Batting: LHB John Holley
|
0-0: Sac Bunt - play at first, batter OUT! 1-4 Chris Rice to second
|
Batting: SHB David Henderson
|
0-0: Ball 1-0: Called Strike 1-1: Fly out, F5 (Line Drive, 5)
|
Batting: RHB Harry Fuller
|
0-0: Called Strike 0-1: Ball 1-1: Swinging Strike 1-2: Foul Ball, location: 2F 1-2: Ball 2-2: Ground out 6-3 (Groundball, 6)
|
Bottom of the 2nd over - 0 run(s), 1 hit(s), 0 error(s), 1 left on base; Philadephia 1776 1 - Athletic Club KC 4 |
TOP OF THE 3RD |
Philadephia 1776 BC batting - Pitching for Athletic Club KC Athletics : LHP John Holley
|
Batting: RHB Soseki Matsunaga
|
0-0: Ball 1-0: Called Strike 1-1: Swinging Strike 1-2: Strikes out looking
|
Batting: LHB Walt Johnston
|
0-0: Called Strike 0-1: Ball 1-1: Ball 2-1: Called Strike 2-2: Strikes out swinging
|
Batting: LHB Manuel García
|
0-0: Ball 1-0: Ball 2-0: Reached on error, E4 (Groundball, 4)
|
Batting: RHB Iván Pérez
|
0-0: Called Strike 0-1: Swinging Strike Manuel García steals 2nd base 0-2: Fly out, F9 (Flyball, 89XD)
|
Top of the 3rd over - 0 run(s), 0 hit(s), 1 error(s), 1 left on base; Philadephia 1776 1 - Athletic Club KC 4 |
BOTTOM OF THE 3RD |
Athletic Club KC Athletics batting - Pitching for Philadephia 1776 BC : LHP Walt Johnston
|
Batting: LHB Emílio Sáenz
|
0-0: Foul Ball, location: 2F 0-1: Ball 1-1: Ball 2-1: Foul Ball, location: 2F 2-2: SOLO HOME RUN (Flyball, 9D), Distance : 397 ft
|
Batting: RHB Vicente Díaz
|
0-0: Ball 1-0: Ball 2-0: Foul Ball, location: 2F 2-1: Called Strike 2-2: SINGLE (Line Drive, 8LS)
|
Batting: RHB Ramón Souza
|
0-0: Ball 1-0: Foul Ball, location: 2F 1-1: Ball 2-1: Foul Ball, location: 2F 2-2: Ball 3-2: Base on Balls Vicente Díaz to second
|
Batting: RHB Guillermo Montoya
|
0-0: Ball 1-0: Foul Ball, location: 2F 1-1: Foul Ball, location: 2F 1-2: Ball 2-2: Strikes out swinging
|
Batting: LHB Lawrence Washington
|
0-0: Fly out, F7 (Popup, 56D)
|
Batting: LHB Chris Rice
|
0-0: Ground out 1-3 (Groundball, 15S)
|
Bottom of the 3rd over - 1 run(s), 2 hit(s), 0 error(s), 2 left on base; Philadephia 1776 1 - Athletic Club KC 5 |
TOP OF THE 4TH |
Philadephia 1776 BC batting - Pitching for Athletic Club KC Athletics : LHP John Holley
|
Batting: LHB Chris Nelson
|
0-0: Ball 1-0: Foul Ball, location: 2F 1-1: Foul Ball, location: 2F 1-2: Strikes out swinging
|
Batting: LHB Matt Mitchell
|
0-0: Ball 1-0: Foul Ball, location: 2F 1-1: Swinging Strike 1-2: Ball 2-2: Ball 3-2: Strikes out swinging
|
Batting: RHB Yuji Ine
|
0-0: Called Strike 0-1: Fly out, F5 (Popup, 5S)
|
Top of the 4th over - 0 run(s), 0 hit(s), 0 error(s), 0 left on base; Philadephia 1776 1 - Athletic Club KC 5 |
BOTTOM OF THE 4TH |
Athletic Club KC Athletics batting - Pitching for Philadephia 1776 BC : LHP Walt Johnston
|
Batting: LHB John Holley
|
0-0: Swinging Strike 0-1: Swinging Strike 0-2: Ball 1-2: Foul Ball, location: 2F 1-2: Foul Ball, location: 2F 1-2: Strikes out looking
|
Batting: SHB David Henderson
|
0-0: Called Strike 0-1: Ball 1-1: Ground out 5-3 (Groundball, 5)
|
Batting: RHB Harry Fuller
|
0-0: Ball 1-0: Ball 2-0: Called Strike 2-1: SINGLE (Line Drive, 4MD)
|
Batting: LHB Emílio Sáenz
|
0-0: Ball 1-0: Ball 2-0: Ball 3-0: Base on Balls Harry Fuller to second
|
Batting: RHB Vicente Díaz
|
0-0: Ball 1-0: Ball 2-0: Called Strike 2-1: Ball 3-1: Fly out, F3 (Popup, 3SF)
|
Bottom of the 4th over - 0 run(s), 1 hit(s), 0 error(s), 2 left on base; Philadephia 1776 1 - Athletic Club KC 5 |
TOP OF THE 5TH |
Philadephia 1776 BC batting - Pitching for Athletic Club KC Athletics : LHP John Holley
|
Batting: RHB Lúcio Montoya
|
0-0: Fly out, F9 (Flyball, 89M)
|
Batting: RHB Brian O'Brian
|
0-0: Ball 1-0: Foul Ball, location: 2F 1-1: Ball 2-1: Foul Ball, location: 2F 2-2: Strikes out swinging
|
Batting: RHB Soseki Matsunaga
|
0-0: Ball 1-0: Foul Ball, location: 2F 1-1: Fly out, F8 (Line Drive, 8RM)
|
Top of the 5th over - 0 run(s), 0 hit(s), 0 error(s), 0 left on base; Philadephia 1776 1 - Athletic Club KC 5 |
BOTTOM OF THE 5TH |
Athletic Club KC Athletics batting - Pitching for Philadephia 1776 BC : LHP Walt Johnston
|
Batting: RHB Ramón Souza
|
0-0: Called Strike 0-1: Ball 1-1: Swinging Strike 1-2: Ball 2-2: Strikes out swinging
|
Batting: RHB Guillermo Montoya
|
0-0: Bunt for hit - play at first, batter OUT! 1-3
|
Batting: LHB Lawrence Washington
|
0-0: Fly out, F8 (Flyball, 8LM)
|
Bottom of the 5th over - 0 run(s), 0 hit(s), 0 error(s), 0 left on base; Philadephia 1776 1 - Athletic Club KC 5 |
TOP OF THE 6TH |
Philadephia 1776 BC batting - Pitching for Athletic Club KC Athletics : LHP John Holley
|
Pinch Hitting: LHB John Boone
|
0-0: Ball 1-0: Foul Ball, location: 2F 1-1: Called Strike 1-2: Strikes out swinging
|
Batting: LHB Manuel García
|
0-0: Foul Ball, location: 2F 0-1: Ball 1-1: Foul Ball, location: 2F 1-2: DOUBLE (Line Drive, 78M)
|
Batting: RHB Iván Pérez
|
0-0: Called Strike 0-1: Called Strike 0-2: Strikes out swinging
|
Batting: LHB Chris Nelson
|
0-0: Called Strike 0-1: Ball 1-1: SINGLE (Groundball, 6MD) Manuel García to third Runner from 3rd tries for Home, SAFE, no throw or cutoff
|
Batting: LHB Matt Mitchell
|
0-0: Called Strike 0-1: Ground out 4-3 (Groundball, 4)
|
Top of the 6th over - 1 run(s), 2 hit(s), 0 error(s), 1 left on base; Philadephia 1776 2 - Athletic Club KC 5 |
BOTTOM OF THE 6TH |
Athletic Club KC Athletics batting - Pitching for Philadephia 1776 BC : LHP Walt Johnston
|
Pitching: LHP Jason Dudley
|
|
Batting: LHB Chris Rice
|
0-0: Ball 1-0: Ball 2-0: Ground out 4-3 (Groundball, 34)
|
Batting: LHB John Holley
|
0-0: Called Strike 0-1: Ball 1-1: Called Strike 1-2: Ball 2-2: Foul Ball, location: 2F 2-2: Strikes out swinging
|
Batting: SHB David Henderson
|
0-0: Called Strike 0-1: Ball 1-1: Foul Ball, location: 2F 1-2: Foul Ball, location: 2F 1-2: Ball 2-2: Fly out, F8 (Flyball, 8RD)
|
Bottom of the 6th over - 0 run(s), 0 hit(s), 0 error(s), 0 left on base; Philadephia 1776 2 - Athletic Club KC 5 |
TOP OF THE 7TH |
Philadephia 1776 BC batting - Pitching for Athletic Club KC Athletics : LHP John Holley
|
Batting: RHB Yuji Ine
|
0-0: Ground out 6-3 (Groundball, 6)
|
Batting: RHB Lúcio Montoya
|
0-0: Ball 1-0: Called Strike 1-1: Ball 2-1: DOUBLE (Line Drive, 7LS)
|
Batting: RHB Brian O'Brian
|
0-0: Ball 1-0: Ball 2-0: Ball 3-0: Fly out, F8 (Flyball, 8RD) Runner from 2nd tags up, SAFE at 3rd, no throw
|
Batting: RHB Soseki Matsunaga
|
0-0: Called Strike 0-1: Fly out, F7 (Flyball, 78M)
|
Top of the 7th over - 0 run(s), 1 hit(s), 0 error(s), 1 left on base; Philadephia 1776 2 - Athletic Club KC 5 |
BOTTOM OF THE 7TH |
Athletic Club KC Athletics batting - Pitching for Philadephia 1776 BC : LHP Jason Dudley
|
Batting: RHB Harry Fuller
|
0-0: Ball 1-0: Foul Ball, location: 2F 1-1: Foul Ball, location: 2F 1-2: Ball 2-2: Ball 3-2: Strikes out swinging
|
Batting: LHB Emílio Sáenz
|
0-0: Fly out, F8 (Flyball, 8LXD)
|
Batting: RHB Vicente Díaz
|
0-0: Ball 1-0: Called Strike 1-1: Called Strike 1-2: Foul Ball, location: 2F 1-2: Foul Ball, location: 2F 1-2: Ball 2-2: Foul Ball, location: 2F 2-2: Ball 3-2: Foul Ball, location: 2F 3-2: Foul Ball, location: 2F 3-2: Base on Balls
|
Pitching: RHP Alberto Ortíz
|
|
Now at SS: Manny Hernández
|
|
Batting: RHB Ramón Souza
|
0-0: Ball 1-0: Swinging Strike 1-1: Foul Ball, location: 2F 1-2: Ball 2-2: Strikes out looking
|
Bottom of the 7th over - 0 run(s), 0 hit(s), 0 error(s), 1 left on base; Philadephia 1776 2 - Athletic Club KC 5 |
TOP OF THE 8TH |
Philadephia 1776 BC batting - Pitching for Athletic Club KC Athletics : LHP John Holley
|
Now in LF: Rick Atkinson
|
|
Batting: RHB Manny Hernández
|
0-0: Foul Ball, location: 2F 0-1: Foul Ball, location: 2F 0-2: Ball 1-2: Strikes out swinging
|
Batting: LHB Manuel García
|
0-0: Ground out 4-3 (Groundball, 4)
|
Batting: RHB Iván Pérez
|
0-0: Foul Ball, location: 2F 0-1: Ball 1-1: Ball 2-1: Fly out, F8 (Flyball, 8RXD)
|
Top of the 8th over - 0 run(s), 0 hit(s), 0 error(s), 0 left on base; Philadephia 1776 2 - Athletic Club KC 5 |
BOTTOM OF THE 8TH |
Athletic Club KC Athletics batting - Pitching for Philadephia 1776 BC : RHP Alberto Ortíz
|
Batting: RHB Guillermo Montoya
|
0-0: Foul Ball, location: 2F 0-1: Called Strike 0-2: Strikes out swinging
|
Batting: LHB Lawrence Washington
|
0-0: Called Strike 0-1: Swinging Strike 0-2: Ground out 5-3 (Groundball, 5)
|
Batting: LHB Chris Rice
|
0-0: Ball 1-0: Ball 2-0: Ground out 6-3 (Groundball, 6S)
|
Bottom of the 8th over - 0 run(s), 0 hit(s), 0 error(s), 0 left on base; Philadephia 1776 2 - Athletic Club KC 5 |
TOP OF THE 9TH |
Philadephia 1776 BC batting - Pitching for Athletic Club KC Athletics : LHP John Holley
|
Pitching: RHP Manuel Núñez
|
|
Now at 2B: Steve Brandon
|
|
Batting: LHB Chris Nelson
|
0-0: Called Strike 0-1: Swinging Strike 0-2: Strikes out swinging
|
Batting: LHB Matt Mitchell
|
0-0: Ball 1-0: Called Strike 1-1: Ball 2-1: DOUBLE (Flyball, 8RXD)
|
Batting: RHB Yuji Ine
|
0-0: Ground out 6-3 (Groundball, 6M) Matt Mitchell to third
|
Pinch Hitting: RHB Carl Good
|
0-0: Called Strike 0-1: 2-RUN HOME RUN (Flyball, 78XD), Distance : 423 ft
|
Pitching: RHP Manuel Hernández
|
|
Batting: RHB Brian O'Brian
|
0-0: Fly out, F7 (Flyball, 7M)
|
Top of the 9th over - 2 run(s), 2 hit(s), 0 error(s), 0 left on base; Philadephia 1776 4 - Athletic Club KC 5 |
|